 Dungeon Crawl Stone Soup version 0.31.0-9-g3a7656b989 (webtiles) character file.

Game seed: 6086089266188768773

48 libmonsoon the Magician (level 3, 0/26 HPs)
             Began as a Gnoll Hedge Wizard on Jan 27, 2024.
             Slain by a ribbon worm (5 damage)
             ... on level 3 of the Dungeon.
             The game lasted 00:02:54 (2228 turns).

libmonsoon the Magician (Gnoll Hedge Wizard)        Turns: 2228, Time: 00:02:55

Health: 0/26       AC:  3    Str:  9    XL:     3   Next: 72%
Magic:  8/11       EV: 13    Int: 15    God:
Gold:   157        SH:  0    Dex: 11    Spells: 15/16 levels left

rFire   . . .        a - +0 dagger
rCold   . . .        (no shield)
rNeg    . . .        b - +0 robe
rPois   .            c - +0 hat
rElec   .            q - +0 cloak
rCorr   .            (no gloves)
SInv    .            (no boots)
Will    .....        (no amulet)
Stlth   ++           (no ring)
HPRegen 0.24/turn    (no ring)
MPRegen 0.12/turn

%: no passive effects
@: no status effects
A: fangs 1, strong nose, distributed training
a: no special abilities


You were on level 3 of the Dungeon.
You visited 1 branch of the dungeon, and saw 3 of its levels.

You collected 157 gold pieces.

Inventory:

Hand Weapons
 a - a +0 dagger (weapon)
Armour
 b - a +0 robe (worn)
 c - a +0 hat (worn)
 q - a +0 cloak (worn)
Scrolls
 e - a scroll of revelation {unknown}
 f - 2 scrolls of amnesia {unknown}
 g - 2 scrolls of enchant weapon {unknown}
 k - a scroll of noise {unknown}
Potions
 d - a potion of magic
 h - a potion of heal wounds {unknown}
 i - a potion of degeneration {unknown}
 j - a potion of brilliance {unknown}
 l - a potion of might {unknown}
 m - a potion of lignification {unknown}
 n - a potion of berserk rage {unknown}
 o - a potion of cancellation {unknown}
 p - a potion of curing {unknown}


   Skills:
 + Level 1.0 Fighting
 + Level 1.0 Short Blades
 + Level 1.0 Long Blades
 + Level 1.0 Axes
 + Level 1.0 Maces & Flails
 + Level 1.0 Polearms
 + Level 1.0 Staves
 + Level 1.0 Ranged Weapons
 + Level 1.0 Throwing
 + Level 1.0 Armour
 + Level 4.6 Dodging
 + Level 4.2 Stealth
 + Level 1.0 Shields
 + Level 1.0 Unarmed Combat
 + Level 7.1 Spellcasting
 + Level 2.1 Conjurations
 + Level 0.7 Hexes
 + Level 2.1 Summonings
 + Level 0.7 Necromancy
 + Level 2.1 Translocations
 + Level 0.7 Fire Magic
 + Level 0.7 Ice Magic
 + Level 0.7 Air Magic
 + Level 0.7 Earth Magic
 + Level 0.7 Alchemy
 + Level 1.0 Invocations
 + Level 1.0 Evocations
 + Level 0.8 Shapeshifting


You had 15 spell levels left.
You knew the following spells:

 Your Spells              Type           Power      Damage    Failure   Level
a - Magic Dart            Conj           44%        1d5       5%          1

Your spell library contained the following spells:

 Spells                   Type           Power      Damage    Failure   Level
 Sting                    Conj/Alch      36%        1d5       8%          1
 Blink                    Tloc           22%        N/A       9%          2
 Call Imp                 Summ           22%        N/A       9%          2
 Slow                     Hex            28%        N/A       10%         1
 Cigotuvi's Dreadful Rot  Necr/Alch/Air  14%        N/A       14%         2
 Ensorcelled Hibernation  Hex/Ice        14%        N/A       14%         2
 Mercury Vapours          Alch/Air       14%        N/A       14%         2
 Sublimation of Blood     Necr           7%         N/A       14%         2
 Mephitic Cloud           Conj/Alch/Air  8%         N/A       24%         3
 Fugue of the Fallen      Necr           7%         N/A       28%         3
 Anguish                  Hex/Necr       3%         N/A       67%         4
 Olgreb's Toxic Radiance  Alch           7%         N/A       67%         4
 Petrify                  Alch/Erth      7%         N/A       67%         4
 Irradiate                Conj/Alch      4%         3d13      90%         5


Dungeon Overview and Level Annotations

Branches:
Dungeon (3/15)

Altars:
Trog

Shops:
D:1 (


Innate Abilities, Weirdness & Mutations

You have very sharp teeth.
Your uncanny sense of smell can sniff out nearby items.
Your experience applies equally to all skills.


Message History

The ribbon worm completely misses you.
You hit the ribbon worm.
The ribbon worm is moderately wounded.
You barely miss the ribbon worm.
The ribbon worm is moderately wounded.
The ribbon worm bites you!
You hit the ribbon worm.
The ribbon worm is moderately wounded.
The ribbon worm closely misses you.
You hit the ribbon worm. Your bite misses the ribbon worm.
The ribbon worm is heavily wounded.
The ribbon worm bites you.
You hit the ribbon worm.
The ribbon worm is severely wounded.
You barely miss the ribbon worm. Your bite misses the ribbon worm.
The ribbon worm is severely wounded.
The ribbon worm barely misses you.
You hit the ribbon worm but do no damage.
Your bite misses the ribbon worm.
The ribbon worm is heavily wounded.
The ribbon worm bites you but does no damage.
You hit the ribbon worm.
The ribbon worm is heavily wounded.
The ribbon worm bites you but does no damage.
You hit the ribbon worm.
The ribbon worm is severely wounded.
The ribbon worm bites you.
* * * LOW HITPOINT WARNING * * *
You hit the ribbon worm.
The ribbon worm is severely wounded.
You barely miss the ribbon worm. You bite the ribbon worm.
The ribbon worm is severely wounded.
The ribbon worm misses you.
You hit the ribbon worm but do no damage.
The ribbon worm is severely wounded.
The ribbon worm expels a string of sticky webbing.
The stream of webbing hits you but does no damage.
You are caught in a web!
The web tears apart.
The ribbon worm bites you.
You die...

#.# #.# #.# #.# #.# ##### #.#
###.###....### #...##.......#
#.###..r......
####.###....#....
#.....##...###..)
#.##.@wr.†.#y#._. ##
#.##.###...###...∆#..#
#.##.###....#.... #..#
##.##...#.......)) #..
##...###.##.......###.#
..####.........##....###.#>##
...........##.#.########....#
...........##.#.###.#........
...###....###.....#.####....#


You could see a moth of wrath, a ribbon worm (catching breath) and a rat.

Vanquished Creatures
  2 dart slugs (D:2)
  A ribbon worm (D:2)
  An orc (D:3)
  4 endoplasms
  3 goblins
  5 hobgoblins
  2 quokkas
  4 ball pythons
  5 bats (D:1)
  2 frilled lizards
  4 kobolds (D:1)
  5 rats
38 creatures vanquished.

Notes
Turn   | Place    | Note
-------+----------+-------------------------------------------
     0 | D:1      | libmonsoon the Gnoll Hedge Wizard began the quest for the
                  | Orb.
     0 | D:1      | Reached XP level 1. HP: 13/13 MP: 8/8
   189 | D:1      | Found Dobin's Weapon Shoppe.
   286 | D:1      | Reached XP level 2. HP: 19/19 MP: 7/10
   967 | D:2      | Reached XP level 3. HP: 25/25 MP: 6/11
  1327 | D:2      | Reached skill level 1 in Invocations
  1463 | D:2      | Found a faded altar of an unknown god.
  2023 | D:3      | Reached skill level 1 in Fighting
  2023 | D:3      | Reached skill level 1 in Short Blades
  2023 | D:3      | Reached skill level 1 in Long Blades
  2023 | D:3      | Reached skill level 1 in Axes
  2023 | D:3      | Reached skill level 1 in Maces & Flails
  2023 | D:3      | Reached skill level 1 in Polearms
  2023 | D:3      | Reached skill level 1 in Staves
  2023 | D:3      | Reached skill level 1 in Ranged Weapons
  2023 | D:3      | Reached skill level 1 in Throwing
  2023 | D:3      | Reached skill level 1 in Armour
  2023 | D:3      | Reached skill level 1 in Shields
  2023 | D:3      | Reached skill level 1 in Unarmed Combat
  2023 | D:3      | Reached skill level 1 in Evocations
  2190 | D:3      | Noticed a moth of wrath
  2193 | D:3      | Found a bloodstained altar of Trog.
  2228 | D:3      | Slain by a ribbon worm

Illustrated notes

Levels and vault maps discovered:
D:1:      kennysheep_arrival_seaside, layout_rooms, serial_shops, shop,
          st_stairs_8
D:2:      layout_basic, hellmonk_ecumenical_altar_run_dry,
          minmay_misc_feat_columns, minivault_19, grunt_ministairs_7
D:3:      layout_loops_ring, tgw_trog, nemelex_spade_bored_becter

Skill      XL: |  1  2  3 |
---------------+----------+-----
Conjurations   | 2 |  2.1
Summonings     | 2 |  2.1
Translocations | 2 |  2.1
Invocations    | 1 |  1.0
Fighting       | 1 |  1.0
Short Blades   | 1 |  1.0
Long Blades    | 1 |  1.0
Axes           | 1 |  1.0
Maces & Flails | 1 |  1.0
Polearms       | 1 |  1.0
Staves         | 1 |  1.0
Ranged Weapons | 1 |  1.0
Throwing       | 1 |  1.0
Armour         | 1 |  1.0
Shields        | 1 |  1.0
Unarmed Combat | 1 |  1.0
Evocations     | 1 |  1.0
Dodging        | |  4.6
Stealth        | |  4.2
Spellcasting   | |  7.1
Hexes          | |  0.7
Necromancy     | |  0.7
Fire Magic     | |  0.7
Ice Magic      | |  0.7
Air Magic      | |  0.7
Earth Magic    | |  0.7
Alchemy        | |  0.7
Shapeshifting  | |  0.8

Action                     || total
---------------------------++-------
  Melee: Dagger            ||    26
         Bite              ||     4
         Punch             ||     1
   Cast: Magic Dart        ||    83
 Armour: Robe              ||    15
  Dodge: Dodged            ||    17
